AoeStats
← Ariakan

Fortress

507559515Analyzed
4v4 RM · 14d ago on Sep 18, 2026· 45m 2s· 8 players
Game mode
Random Map
Map size
Huge
Population
200
Speed
Normal
Resources
Standard
Victory
Conquest
Starting age
Dark Age
Ending age
Imperial Age
RankedLock teamsTeams togetherTeam positionsShared explorationLock speedFull tech treeHidden civsTurbo modeCheats
Victory
Defeat
🇺🇸 Britons · United States
1056
+12
🇨🇳 Lithuanians · China
1055
+12
🇵🇱 Magyars · Poland
1033
+13
🇬🇧 Goths · United Kingdom
1022
+13
🇩🇪 Franks · Germany
1008
-14
🇩🇪 Goths · Germany
1008
-14
🇩🇪 Italians · Germany
940
-12
🇩🇪 Mongols · Germany
898
-10
Czeki$
1:07 Loom
8:30 Feudal Age
10:11 Double-Bit Axe
13:04 Castle Age
11:46 Fletching
12:11 Scale Barding Armor
12:18 Horse Collar
16:49 Wheelbarrow
23:04 Imperial Age
22:13 Bow Saw
22:09 Heavy Plow
23:23 Ballistics
24:30 Conscription
25:01 Gold Mining
25:06 Stone Mining
26:22 Murder Holes
27:38 Corvinian Army
27:53 Bloodlines
28:12 Husbandry
29:03 Town Watch
29:42 Bodkin Arrow
32:00 Parthian Tactics
31:41 Thumb Ring
32:39 Chemistry
31:50 Masonry
31:21 Treadmill Crane
32:19 Recurve Bow
33:56 Heavy Cavalry Archer
36:14 Two-Man Saw
36:29 Bracer
36:49 Chain Barding Armor
37:23 Elite Magyar Huszar
39:06 Crop Rotation
39:51 Hand Cart
41:14 Plate Barding Armor
41:17 Caravan
42:14 Capped Ram
45:18 Padded Archer Armor
45:18 Scale Mail Armor
StackkedYou
7:05 Feudal Age
7:40 Double-Bit Axe
7:36 Horse Collar
14:06 Castle Age
13:08 Scale Barding Armor
13:13 Forging
13:35 Forging
17:06 Bow Saw
16:57 Heavy Plow
19:46 Wheelbarrow
18:57 Loom
18:58 Town Watch
21:28 Hand Cart
22:40 Stone Mining
22:40 Gold Mining
26:01 Fletching
26:26 Murder Holes
26:41 Bodkin Arrow
27:09 Ballistics
29:53 Imperial Age
27:59 Caravan
28:10 Padded Archer Armor
29:09 Gold Shaft Mining
29:31 Husbandry
28:52 Light Cavalry
30:23 Leather Archer Armor
30:32 Chain Barding Armor
30:47 Iron Casting
31:14 Iron Casting
31:43 Two-Man Saw
33:02 Plate Barding Armor
33:01 Bracer
33:31 Ring Archer Armor
34:52 Blast Furnace
34:23 Ring Archer Armor
35:16 Yeomen
35:17 Conscription
34:56 Elite Longbowman
36:26 Warwolf
37:02 Hoardings
36:34 Cavalier
38:46 Siege Engineers
40:37 Chemistry
39:49 Masonry
39:19 Treadmill Crane
jorvikshungite
0:37 Loom
8:06 Feudal Age
10:40 Double-Bit Axe
13:33 Castle Age
11:53 Forging
11:29 Horse Collar
13:48 Scale Mail Armor
16:23 Squires
17:33 Chain Mail Armor
17:06 Pikeman
19:04 Iron Casting
19:39 Wheelbarrow
21:02 Man-at-Arms
21:34 Fletching
21:56 Long Swordsman
22:57 Gold Mining
27:06 Masonry
27:18 Stone Mining
30:41 Heavy Plow
31:26 Town Watch
37:02 Imperial Age
37:04 Two-Handed Swordsman
39:39 Blast Furnace
39:29 Bodkin Arrow
40:54 Capped Ram
42:29 Champion
44:00 Conscription
43:34 Halberdier
kkols
7:04 Feudal Age
10:57 Castle Age
9:08 Double-Bit Axe
13:54 Bow Saw
15:56 Horse Collar
18:32 Wheelbarrow
17:25 Man-at-Arms
19:56 Gold Mining
24:42 Imperial Age
23:20 Scale Barding Armor
23:30 Bloodlines
24:06 Loom
24:30 Husbandry
24:52 Chain Barding Armor
25:36 Elite Leitis
27:12 Conscription
27:16 Forging
29:46 Hand Cart
30:15 Plate Barding Armor
30:15 Caravan
31:04 Light Cavalry
32:21 Heavy Plow
32:32 Winged Hussar
44:11 Elite Skirmisher
45:05 Tower Shields
cas
8:28 Feudal Age
11:54 Castle Age
9:59 Double-Bit Axe
12:46 Loom
14:00 Bow Saw
16:04 Horse Collar
21:08 Wheelbarrow
22:36 Hand Cart
25:52 Imperial Age
24:28 Forging
24:24 Squires
24:25 Pikeman
24:53 Town Watch
25:25 Anarchy
26:58 Iron Casting
26:25 Scale Mail Armor
26:01 Elite Huskarl
27:44 Conscription
27:48 Town Patrol
28:50 Blast Furnace
30:08 Chain Mail Armor
30:22 Halberdier
33:24 Two-Man Saw
32:26 Heavy Plow
36:17 Perfusion
Kernarbeiter
1:52 Loom
8:43 Feudal Age
13:21 Castle Age
11:38 Double-Bit Axe
12:57 Wheelbarrow
12:37 Horse Collar
15:35 Bow Saw
17:25 Gold Mining
17:38 Heavy Plow
22:09 Hand Cart
23:15 Town Watch
24:02 Murder Holes
24:52 Gold Shaft Mining
24:11 Stone Mining
25:37 Town Patrol
29:59 Imperial Age
28:49 Stone Shaft Mining
29:44 Fortified Wall
29:41 Husbandry
29:54 Bloodlines
29:06 Light Cavalry
30:12 Forging
30:08 Scale Barding Armor
30:33 Cavalier
31:50 Hussar
35:58 Iron Casting
39:20 Onager
43:16 Chemistry
42:24 Siege Engineers
Darth
7:45 Feudal Age
12:47 Castle Age
11:32 Double-Bit Axe
13:13 Gold Mining
13:59 Fletching
17:01 Padded Archer Armor
19:04 Loom
19:56 Wheelbarrow
19:20 Bodkin Arrow
20:26 Bow Saw
20:02 Horse Collar
22:48 Town Watch
23:57 Hand Cart
27:14 Imperial Age
25:41 Leather Archer Armor
24:53 Light Cavalry
26:38 Bloodlines
27:41 Husbandry
28:26 Conscription
28:12 Bracer
28:43 Ring Archer Armor
29:51 Scale Barding Armor
30:56 Ballistics
31:02 Elite Genoese Crossbowman
32:48 Chemistry
34:29 Hussar
36:16 Two-Man Saw
35:21 Heavy Plow
35:44 Chain Barding Armor
35:40 Fortified Wall
35:57 Pirotechnia
37:08 Plate Barding Armor
36:45 Forging
42:39 Thumb Ring
Ariakan
1:38 Loom
8:03 Feudal Age
12:50 Castle Age
11:53 Double-Bit Axe
17:16 Wheelbarrow
16:57 Forging
22:02 Husbandry
27:46 Scale Barding Armor
29:18 Town Watch
29:49 Hand Cart
34:05 Imperial Age
36:59 Fletching
39:06 Bodkin Arrow
40:49 Conscription
42:26 Light Cavalry
Connection lost

Rejoining the realm…

Still unreachable

The connection could not be restored.

Session expired

The server has moved on; the page needs a fresh start.